 Dungeon Crawl Stone Soup version 0.29-a0-317-gd16b76e6b1 (webtiles) character file.

Game seed: 7909273045205854848

280 Murumi the Skirmisher (level 6, -1/48 HPs)
             Began as a Formicid Abyssal Knight on Mar 30, 2022.
             Was a Priest of Lugonu.
             Slain by Crazy Yiuf
             ... wielding a +3 quarterstaff of chaos
              (5 damage)
             ... on level 4 of the Dungeon.
             The game lasted 00:10:18 (5467 turns).

Murumi the Skirmisher (Formicid Abyssal Knight)     Turns: 5467, Time: 00:10:18

Health: -1/48      AC:  7    Str: 20    XL:     6   Next: 52%
Magic:  8/8        EV: 10    Int:  9    God:    Lugonu [***...]
Gold:   170        SH:  0    Dex: 11    Spells: 5/5 levels left

rFire   . . .      SeeInvis +   g - +0 scythe
rCold   + . .      Faith    .   (no shield)
rNeg    . . .      Spirit   .   k - +0 ring mail
rPois   .          Reflect  .   (helmet unavailable)
rElec   .          Harm     .   a - +0 cloak
rCorr   .          Rampage  .   (no gloves)
Will    .....                   (no boots)
Stlth   +.........              (no amulet)
HPRegen 0.16/turn               d - ring of protection from cold
MPRegen 0.11/turn               (no ring)

@: no status effects
A: permanent stasis, dig shafts and tunnels, antennae 3, four strong arms
a: Dig, Shaft Self, Renounce Religion, Depart the Abyss, Bend Space, Banish


You were on level 4 of the Dungeon.
You worshipped Lugonu.
Lugonu was most pleased with you.
You visited 1 branch of the dungeon, and saw 4 of its levels.
You visited the Abyss 1 time.

You collected 170 gold pieces.

Inventory:

Hand Weapons
 g - a +0 scythe (weapon)
Armour
 a - a +0 cloak (worn)
 k - a +0 ring mail (worn)
Jewellery
 d - a ring of protection from cold (left hand)
Scrolls
 i - a scroll of fog
Potions
 b - a potion of curing {unknown}
 c - a potion of magic
 e - 2 potions of cancellation
 h - 4 potions of mutation


   Skills:
 + Level 4.2 Fighting
 - Level 4.0 Polearms
 - Level 4.0 Armour
 - Level 1.0 Dodging
 - Level 3.0 Stealth
 - Level 3.0 Invocations


You had 5 spell levels left.
You didn't know any spells.
Your spell library contained the following spells:

 Spells                   Type           Power      Damage    Failure   Level
 Gell's Gravitas          Tloc           0%         N/A       89%         3
 Teleport Other           Tloc           0%         N/A       89%         3
 Fireball                 Conj/Fire      0%         3d3       100%        5
 Iskenderun's Battlesphe  Conj           0%         2d6       100%        5
 Conjure Ball Lightning   Conj/Air       0%         3x3d6     100%        6
 Dispersal                Tloc           0%         N/A       100%        6
 Orb of Destruction       Conj           0%         9d5       100%        7


Dungeon Overview and Level Annotations

Branches:
Dungeon (4/15)
 Temple: D:4-7

Altars:
Makhleb
The Shining One

Shops:
D:3 !

Annotations:
D:4 Crazy Yiuf


Innate Abilities, Weirdness & Mutations

You cannot be hasted, slowed, berserked, paralysed or teleported.
You can dig through walls and to a lower floor.
You have a pair of large antennae on your head. (SInv)
Your four strong arms can wield two-handed weapons with a shield.


Message History

You see here a +1 mace of protection.
You see here a necrophage corpse.
You see here a +0 spear.
Things that are here:
a +0 club; 18 stones; a +0 robe
Things that are here:
a +0 whip; a +0 leather armour Partly explored, can't reach some places.
You slash the fungus!
The fungus begins to die.
The fungus is lightly damaged.
Partly explored, can't reach some places.
A nearby fungus withers and dies.
Found a mace.
Found a runed translucent door.
Crazy Yiuf shouts!
You sense a monster nearby.
You open the door. You barely miss Crazy Yiuf.
Crazy Yiuf hits you with a +3 quarterstaff of chaos!
Crazy Yiuf freezes you.
Crazy Yiuf hits you with a +3 quarterstaff of chaos.
Your stasis prevents you from being paralysed.
You slash Crazy Yiuf!
Crazy Yiuf is heavily wounded.
Crazy Yiuf sings, "Trees, trees, trees, circus!"
Crazy Yiuf barely misses you.
Crazy Yiuf hits you with a +3 quarterstaff of chaos!
Crazy Yiuf freezes you.
You are too injured to fight recklessly!
You hit Crazy Yiuf.
Crazy Yiuf is severely wounded.
Crazy Yiuf laughs, "Mountain chair childish!"
Crazy Yiuf hits you with a +3 quarterstaff of chaos!
* * * LOW HITPOINT WARNING * * *
Crazy Yiuf burns you.
* * * LOW HITPOINT WARNING * * *
Crazy Yiuf hits you but does no damage.
You closely miss Crazy Yiuf.
Crazy Yiuf is severely wounded.
Crazy Yiuf hits you with a +3 quarterstaff of chaos.
You die...

....## #....#. .....# #..####
.)#..## #.## # .###..####
##.## # ......##.# #..# #
.........# ♣♣♣♣♣## #..###
.........# ###
♣♣♣.♣.P.####...#. #......###
#...#♣..♣.PP...##.....
#......#
#...g@♣♣♣♣......##....
.......## #)..#♣♣
♣♣..#....#... #.......## ###
♣♣#####...#. #........#
##.### #.###....# #.# ..#
##...######## #### ##.# .##
##.........## #..# #.## .#
#...........#####.## ##.####
.#
##..>...............###.....#


You could see Crazy Yiuf.

Vanquished Creatures
  A necrophage (D:4)
  6 gnolls
  6 adders
  An ufetubus (D:4)
  2 worms (D:2)
  3 dart slugs
  7 orcs
  8 ball pythons
  6 endoplasms
  4 giant cockroaches
  6 goblins
  9 hobgoblins
  5 kobolds
  4 quokkas
  6 bats
  4 frilled lizards
  3 rats (D:2)
81 creatures vanquished.

Vanquished Creatures (others)
  A fungus (D:4)
1 creature vanquished.

Grand Total: 82 creatures vanquished

Notes
Turn   | Place    | Note
-------+----------+-------------------------------------------
     0 | Abyss:1  | Murumi the Formicid Abyssal Knight began the quest for the
                  | Orb.
     0 | Abyss:1  | Reached XP level 1. HP: 18/18 MP: 2/2
    67 | Abyss:1  | Noticed a thrashing horror
    69 | D:1      | Escaped the Abyss
   163 | D:1      | Reached ** piety under Lugonu
   358 | D:1      | Reached XP level 2. HP: 24/25 MP: 3/3
   515 | D:1      | Reached skill level 1 in Dodging
   618 | D:1      | Reached XP level 3. HP: 15/30 MP: 4/4
  1289 | D:1      | Found a faded altar of an unknown god.
  1886 | D:2      | Reached skill level 1 in Stealth
  2054 | D:2      | Reached XP level 4. HP: 37/37 MP: 6/6
  2786 | D:3      | Reached *** piety under Lugonu
  2787 | D:3      | Reached XP level 5. HP: 42/42 MP: 7/7
  2853 | D:3      | Found Nougg's Distillery.
  3588 | D:4      | Found a burning altar of Makhleb.
  3703 | D:4      | Found a glowing golden altar of the Shining One.
  4314 | D:4      | Reached XP level 6. HP: 41/48 MP: 8/8
  4973 | D:4      | Identified the +1 leather armour "Voitz" {+Blink}
  5459 | D:4      | Found a runed translucent door.
  5460 | D:4      | Noticed Crazy Yiuf
  5467 | D:4      | Slain by Crazy Yiuf

Illustrated notes

Levels and vault maps discovered:
D:1:      nagdon_arrival_zigzag_paths, layout_basic,
          hellmonk_ecumenical_altar_zigzags
D:2:      layout_loops_cross, roderic_roman_lattice
D:3:      layout_basic, serial_shops, nicolae_square_shop,
          kennysheep_generic_room_13
D:4:      layout_layer_cave, lemuel_tele_altar, tso_oasis_becter, sigmund_army,
          uniq_crazy_yiuf_cottage

Skill      XL: |  1  2  3  4  5  6 |
---------------+-------------------+-----
Fighting       | 4 |  4.2
Dodging        | 1 |  1.0
Armour         | 3 4 |  4.0
Invocations    | 3 |  3.0
Stealth        | 1 2 3 |  3.0
Polearms       | 3 4 |  4.0

Action                   |  1- 3 |  4- 6 || total
-------------------------+-------+-------++-------
Melee: Spear             |    67 |       ||    67
       Trident           |    43 |   151 ||   194
       Punch             |     1 |     2 ||     3
       Scythe            |       |    22 ||    22
Invok: Depart the Abyss  |     1 |       ||     1
  Use: Scroll            |     5 |     4 ||     9
 Stab: Sleeping          |     2 |     2 ||     4
Armor: Leather armour    |    15 |    36 ||    51
       Ring mail         |       |    13 ||    13
Dodge: Dodged            |    38 |    68 ||   106

Table legend: (Time is in decaauts)
 A = Elapsed time spent in this place.
 B = Non-inter-level travel time spent in this place.
 C = Inter-level travel time spent in this place.
 D = Time resting spent in this place.
 E = Time spent auto-exploring this place.
 F = Levels seen in this place.
 G = Mean time per level.
                   A        B        C        D        E       F      G
               +--------+--------+--------+--------+--------+-----+--------+
         Total |   5521 |   5187 |    334 |      0 |   4440 |   5 | 1104.2 |
       Dungeon |   5452 |   5118 |    334 |      0 |   4374 |   4 | 1363.0 |
         Abyss |     69 |     69 |      0 |      0 |     66 |   1 |   69.0 |
               +--------+--------+--------+--------+--------+-----+--------+

Top non-repeatable levels by time:
     D:4: 1935 daAuts
     D:1: 1495 daAuts
     D:3: 1023 daAuts
     D:2: 997 daAuts
 Abyss:1: 69 daAuts
